[Event "*** Titled Tuesday Blitz"]
[Site "Chess.com"]
[Date "2019.12.03"]
[Round "2"]
[White "oskariot"]
[Black "Godzillator"]
[Result "1-0"]
[WhiteElo "2699"]
[BlackElo "2360"]
[TimeControl "180+2"]
[EndTime "13:21:18 PST"]
[Termination "oskariot won by resignation"]

1. e4 c6 2. d4 d5 3. Nd2 dxe4 4. Nxe4 Bf5 5. Ng3 Bg6 6. c3 e6 7. Nh3 Bd6 8. Nf4 Qc7 9. Qf3 Nf6 10. h4 h6 11.
Nxg6 fxg6 12. Bd3 O-O 13. Bxg6 Nd5 14. Qg4 Rf6 15. Ne4 e5 16. Nxf6+ Nxf6 17. Qe6+ Kh8 18. dxe5 Bxe5 19. O-O Nbd7 20. Re1 Bh2+ 21. Kh1 Rf8 22. Be3 Bf4 23. Rad1 Bxe3 24. Rxe3 Qf4 25. Rf3 Qxh4+ 26. Qh3 Qg5 27. Qg3 Qb5 28. Bf5 Ne5 29. Re3 Nf7 30. Bg6 Ng5 31. Qd6 Rg8 32. b3 Qa5 33. Qb4 Qc7 34. Kg1 Ng4 35. Qxg4 1-0

[Event "*** Titled Tuesday Blitz"]
[Site "Chess.com"]
[Date "2019.12.03"]
[Round "2"]
[White "bubacik"]
[Black "Squirlolz"]
[Result "0-1"]
[WhiteElo "2763"]
[BlackElo "2587"]
[TimeControl "180+2"]
[EndTime "13:21:22 PST"]
[Termination "Squirlolz won by resignation"]

1. d4 Nf6 2. c4 e6 3. Nc3 Bb4 4. e3 O-O 5. Nf3 d5 6. Bd3 dxc4 7. Bxc4 c5 8. O-O cxd4 9. exd4 b6 10. Bg5 Bb7 11.
Qe2 Bxc3 12. bxc3 Nbd7 13. Ne5 Rc8 14. Nxd7 Qxd7 15. Bxf6 gxf6 16. Rad1 Qc6 17. Qg4+ Kh8 18. Be2 Rg8 19. d5 Qxc3 20. Qh5 Bxd5 21. Rxd5 exd5 22. Qxf7 Rg7 23. Qxd5 Qc6 24. Bf3 Qxd5 25. Bxd5 Rgc7 26.
Be6 Re8 27. Bb3 Re5 28. g4 Rec5 29. Kg2 Rc1 30. Rxc1 Rxc1 31. f4 Rc3 32. h4 a5 33.
g5 Kg7 34. h5 fxg5 35. fxg5 Rxb3 36. axb3 b5 37. Kf3 a4 38. bxa4 bxa4 39. Ke3 a3 0-1

[Event "*** Titled Tuesday Blitz"]
[Site "Chess.com"]
[Date "2019.12.03"]
[Round "2"]
[White "ruvat"]
[Black "Indianlad"]
[Result "0-1"]
[WhiteElo "2360"]
[BlackElo "2897"]
[TimeControl "180+2"]
[EndTime "13:21:23 PST"]
[Termination "Indianlad won on time"]

1. d4 Nf6 2. c4 g6 3. Nf3 Bg7 4. g3 O-O 5. Bg2 d6 6. O-O Nbd7 7. Nc3 e5 8. e4 c6 9. h3 exd4 10. Nxd4 Re8 11. Be3 Nc5 12. Qc2 a5 13. Rad1 Qe7 14.
Rfe1 a4 15. Bf4 Nfd7 16. Kh2 Bxd4 17. Rxd4 Ne6 18. Be3 Nxd4 19. Bxd4 a3 20. b3 f6 21. f4 Qf7 22. Rd1 Nc5 23. Bxc5 dxc5 24. Na4 Qe7 25.
Qf2 Rxa4 26. bxa4 Be6 27. Qc2 Rd8 28. Bf1 Rd4 29. Rxd4 cxd4 30. c5 Kg7 31. Qc1 Bxa2 32. Qxa3 Bb1 33. Qb2 Bxe4 34. Qxd4 Bd5 35. Bc4 Bf3 36. Qf2 Qe4 37. Bf1 h5 38. h4 Qd5 39.
a5 Be4 40. Qe3 Qa2+ 41. Kg1 Qa4 42. Qd2 Qa3 43. Qf2 Qxa5 44. Qd4 Bd5 45. f5 gxf5 46. Qd1 Qc7 47. Kh2 f4 48. Qxh5 fxg3+ 49. Kg1 Qf4 0-1

[Event "*** Titled Tuesday Blitz"]
[Site "Chess.com"]
[Date "2019.12.03"]
[Round "2"]
[White "Bigfish1995"]
[Black "RiskyDecision"]
[Result "1-0"]
[WhiteElo "2989"]
[BlackElo "2525"]
[TimeControl "180+2"]
[EndTime "13:21:27 PST"]
[Termination "Bigfish1995 won by resignation"]

1. Nf3 f5 2. g3 Nf6 3. Bg2 g6 4. O-O Bg7 5. c4 O-O 6. Nc3 d6 7. d4 c6 8. Qb3 Na6 9. Bd2 Nc7 10. Rad1 Rb8 11. Rfe1 Kh8 12. e4 fxe4 13. Nxe4 Be6 14. Nxf6 exf6 15. d5 cxd5 16. Nd4 dxc4 17. Qa3 Bf7 18. Bf4 Re8 19. Bxd6 Bf8 20. Rxe8 Qxe8 21. Bxf8 Qxf8 22. Qxa7 Rd8 23. Qxb7 Ne6 24. Qa7 Kg8 25.
Rd2 Qc5 26. Nxe6 Qxa7 27. Rxd8+ Be8 28. Rxe8+ Kf7 29. Ra8 Qb6 30. Bd5 Qxb2 31. Ra7+ Kg8 32. Rg7+ Kh8 33. Rc7 h5 34. Nf8 Qb1+ 35. Kg2 g5 36.
Rh7+ Qxh7 37. Nxh7 c3 38. Be4 1-0

[Event "*** Titled Tuesday Blitz"]
[Site "Chess.com"]
[Date "2019.12.03"]
[Round "2"]
[White "VeraNebolsina"]
[Black "masrahi"]
[Result "1-0"]
[WhiteElo "2390"]
[BlackElo "1960"]
[TimeControl "180+2"]
[EndTime "13:21:28 PST"]
[Termination "VeraNebolsina won on time"]

1. e4 c6 2. d4 d5 3. exd5 cxd5 4.
Bd3 Nc6 5. c3 Qc7 6. Ne2 Bg4 7.
O-O Nf6 8. Qe1 e6 9. Ng3 Bd6 10.
f3 Bh5 11. f4 O-O 12. Nxh5 Nxh5 13. Qh4 Nf6 14. Nd2 Ne7 15. Qf2 Nh5 16. g3 f5 17. Qe2 Qd7 18. Qxh5 Rae8 19. Nf3 Rf6 20.
Qh3 b5 21. Ne5 Bxe5 22. fxe5 Rg6 23. Bf4 b4 24. Qg2 bxc3 25. bxc3 Nc6 26. Qe2 Qc7 27. Rab1 Rc8 28. Ba6 Rd8 29. Rb7 Qa5 30. Rb3 h5 31. Qxh5 Ne7 32. Bg5 Rxg5 33. Qxg5 Nc6 34. Bb5 1-0

[Event "*** Titled Tuesday Blitz"]
[Site "Chess.com"]
[Date "2019.12.03"]
[Round "2"]
[White "Olga_Zhuravleva"]
[Black "Donseng"]
[Result "1-0"]
[WhiteElo "2238"]
[BlackElo "2548"]
[TimeControl "180+2"]
[EndTime "13:21:29 PST"]
[Termination "Olga_Zhuravleva won on time"]

1. e4 c5 2. Nf3 Nc6 3. Nc3 Nf6 4. e5 Ng4 5. Qe2 Qc7 6. d4 cxd4 7. Nd5 Qa5+ 8. Nd2 Qxd5 9. Qxg4 Qxe5+ 10. Be2 d5 11. Qh4 d3 12. cxd3 Nd4 13. O-O Nxe2+ 14. Kh1 g5 15. Qa4+ Bd7 16. Qb3 Nd4 17. Qxb7 Bc6 18. Qa6 e6 19. Nf3 Qe2 20. Bxg5 Qxf3 21. gxf3 Rg8 22.
Bf6 Bb5 23. Qb7 Bc6 24. Qc7 Bd7 25. Bxd4 Rc8 26. Qb7 Bh6 27. Rg1 Rg6 28. Rxg6 hxg6 29. Re1 Bf4 30. Kg2 g5 31. Qxa7 Rc2 32. Qa8+ Ke7 33. Qa3+ Bd6 34. Bf6+ Kxf6 35. Qxd6 1-0

[Event "*** Titled Tuesday Blitz"]
[Site "Chess.com"]
[Date "2019.12.03"]
[Round "2"]
[White "DangerousPlayer1st"]
[Black "Chesswizard_2007"]
[Result "1-0"]
[WhiteElo "2779"]
[BlackElo "2421"]
[TimeControl "180+2"]
[EndTime "13:21:31 PST"]
[Termination "DangerousPlayer1st won by checkmate"]

1. e4 e5 2. Nf3 Nc6 3. Bb5 a6 4. Ba4 Nf6 5. O-O Nxe4 6. d4 b5 7. Bb3 d5 8. dxe5 Be6 9. c3 Bc5 10. Qe2 O-O 11. Be3 Bxe3 12. Qxe3 Qe7 13. Nbd2 Nxd2 14.
Qxd2 Rad8 15. Rfe1 Na5 16. Bc2 Nc4 17. Qf4 h6 18. b3 Nb6 19. Rad1 c5 20. g4 f6 21. Qg3 f5 22. g5 Kh7 23. Qf4 h5 24. g6+ Kxg6 25.
Kh1 Kh7 26. Rg1 d4 27. Rg5 g6 28. Rdg1 Rg8 29. Qh4 Qe8 30. cxd4 Bd5 31. Rxh5+ gxh5 32. Bxf5+ Rg6 33. Qxh5+ Kg7 34. Rxg6+ Qxg6 35. Qxg6+ Kf8 36.
Qf6+ Ke8 37. Kg2 Bxf3+ 38. Kxf3 Rxd4 39. Qxb6 Kf7 40. Qf6+ Kg8 41. e6 Rd6 42. Qf7+ Kh8 43. Qh7# 1-0

[Event "*** Titled Tuesday Blitz"]
[Site "Chess.com"]
[Date "2019.12.03"]
[Round "2"]
[White "visa"]
[Black "sergeikim"]
[Result "0-1"]
[WhiteElo "2253"]
[BlackElo "2491"]
[TimeControl "180+2"]
[EndTime "13:21:31 PST"]
[Termination "sergeikim won by checkmate"]

1. e4 e5 2. d4 exd4 3. Qxd4 Nc6 4. Qe3 Nf6 5. Bd2 d6 6. Nc3 Be7 7. O-O-O O-O 8. Qg3 Re8 9. h4 Bf8 10. f3 Kh8 11. h5 h6 12. Nge2 Ne5 13. Nf4 c6 14. Qf2 b5 15. g4 Nh7 16. Be2 Qb6 17. Be3 Qa5 18. Rdg1 b4 19. Nb1 Qxa2 20. Bd4 Ng5 21. Nd3 Nxd3+ 22. Bxd3 c5 23. Be3 c4 24. Bxg5 cxd3 25.
Qd4 dxc2 26. Kxc2 Kh7 27. Bf4 Be6 28. Qxb4 Rab8 29. Qa3 Rec8+ 30. Nc3 Qc4 31. Rd1 Rb3 32. Qa5 Rb5 33. Qxa7 Rxb2+ 34. Kxb2 Qxc3+ 35. Kb1 Qb3+ 36. Ka1 Rc2 37. Rb1 Ra2+ 38. Qxa2 Qxa2# 0-1

[Event "*** Titled Tuesday Blitz"]
[Site "Chess.com"]
[Date "2019.12.03"]
[Round "2"]
[White "x-3738459472"]
[Black "1977Ivan"]
[Result "0-1"]
[WhiteElo "2548"]
[BlackElo "2786"]
[TimeControl "180+2"]
[EndTime "13:21:32 PST"]
[Termination "1977Ivan won by resignation"]

1. e4 c6 2. Nf3 d5 3. Nc3 dxe4 4. Nxe4 Nf6 5. Qe2 Na6 6. Nxf6+ gxf6 7. b3 Nb4 8. d3 Qa5 9. Kd1 Nd5 10. Bd2 Nc3+ 11.
Bxc3 Qxc3 12. Rb1 h5 13. Nd2 Bg4 14. f3 Bf5 15. Nc4 O-O-O 16. Qe3 Bh6 17. Qxa7 Bxd3 18. cxd3 Rxd3+ 19. Bxd3 Qxd3+ 20. Ke1 Qxb1+ 21. Kf2 Qc2+ 22. Kf1 Rd8 23. Qa8+ Kc7 24. Qa5+ Kd7 25. Qc5 Qd1+ 26. Kf2 Qxh1 27. Qxh5 Bg5 28. f4 Bxf4 29. Qf5+ Ke8 30. Qxf4 Qb1 31. h3 Qxa2+ 32. Kg1 Qxb3 33. Ne3 Qc3 34. Nf5 Qa1+ 35. Kf2 Qb2+ 36. Kf3 Qc3+ 37. Kg4 e6 38. Ng7+ Kf8 39. Qh6 Rd4+ 40. Kh5 Ke7 41.
g4 Rd5+ 42. Nf5+ Rxf5+ 0-1

[Event "*** Titled Tuesday Blitz"]
[Site "Chess.com"]
[Date "2019.12.03"]
[Round "2"]
[White "chessdude"]
[Black "Lovkov_Roman"]
[Result "1/2-1/2"]
[WhiteElo "2556"]
[BlackElo "2770"]
[TimeControl "180+2"]
[EndTime "13:21:32 PST"]
[Termination "Game drawn by agreement"]

1. c4 e6 2. Nc3 d5 3. d4 c5 4.
cxd5 exd5 5. Nf3 Nc6 6. g3 Nf6 7.
Bg2 cxd4 8. Nxd4 Be7 9. O-O O-O 10. Be3 Be6 11. Nxc6 bxc6 12. Na4 Qd7 13. Rc1 Rfe8 14. Bc5 Bd8 15. Bd4 Bg4 16. Re1 Ba5 17. Bc3 Bxc3 18. Rxc3 Rac8 19. Nc5 Qe7 20. Qd4 Bh5 21. Re3 Qc7 22.
Rxe8+ Rxe8 23. e3 Qa5 24. Ra1 Bg6 25. a3 Qb6 26. Rc1 a5 27. b4 axb4 28. Qxb4 Qxb4 29. axb4 Rb8 30. Na6 Rb6 31. Bf1 h5 32. b5 cxb5 33. Nb4 Be4 34. Rc8+ Kh7 35. Rc5 Nd7 36. Rxb5 Rxb5 37. Bxb5 Ne5 38. Be2 Kh6 39. h4 f6 40.
Bd1 g6 41. Nc2 g5 42. hxg5+ fxg5 43. Nd4 g4 44. Be2 Kg5 45. Kf1 h4 46. gxh4+ Kxh4 47. Ke1 g3 48. fxg3+ Kxg3 49. Kd2 1/2-1/2

[Event "*** Titled Tuesday Blitz"]
[Site "Chess.com"]
[Date "2019.12.03"]
[Round "2"]
[White "andrzej"]
[Black "joshdaruca"]
[Result "0-1"]
[WhiteElo "2365"]
[BlackElo "2700"]
[TimeControl "180+2"]
[EndTime "13:21:32 PST"]
[Termination "joshdaruca won on time"]

1. d4 Nf6 2. c4 e6 3. Nf3 b6 4.
Bf4 Bb4+ 5. Nfd2 Bb7 6. e3 O-O 7. a3 Be7 8. Nc3 c5 9. d5 exd5 10. cxd5 Nxd5 11. Qf3 Nxf4 12. Qxb7 Nc6 13. exf4 Bf6 14.
O-O-O Bxc3 15. bxc3 a6 16. Ne4 Ra7 17. Qxc6 dxc6 18.
Rxd8 Rxd8 19. Be2 g6 20. Rd1 Rxd1+ 21. Bxd1 Kf8 22. Bf3 Ke7 23. Kd2 f5 24. Ng5 h6 25.
Nh3 Kd6 26. Ng1 b5 27. Ne2 a5 28. g4 fxg4 29. Bxg4 b4 30. cxb4 axb4 31. axb4 cxb4 32. Nd4 Ra2+ 33. Ke3 c5 34. Ne2 Ra3+ 35. Kd2 c4 36. f5 gxf5 37. Bxf5 Rf3 38. Bg6 Rxf2 39. h4 Kc5 40. Ke3 Rh2 41. h5 b3 42. Nc3 Kb4 43.
Nd5+ Kc5 44. Nc3 Rh3+ 45. Kd2 Kb4 46. Nd5+ Ka3 47. Kc1 c3 48. Kd1 Rh1+ 49. Ke2 c2 50. Bxc2 bxc2 0-1

[Event "*** Titled Tuesday Blitz"]
[Site "Chess.com"]
[Date "2019.12.03"]
[Round "2"]
[White "Kosche007"]
[Black "vladimirdamjanovic"]
[Result "0-1"]
[WhiteElo "2318"]
[BlackElo "2602"]
[TimeControl "180+2"]
[EndTime "13:21:34 PST"]
[Termination "vladimirdamjanovic won by resignation"]

1. e4 c6 2. d4 d5 3. Nc3 dxe4 4. Nxe4 Bf5 5. Ng3 Bg6 6. h4 h6 7. Nf3 Nd7 8. h5 Bh7 9. Bd3 Bxd3 10. Qxd3 e6 11. Bd2 Ngf6 12. O-O-O Be7 13. Kb1 Qb6 14.
Ne4 Rd8 15. Nxf6+ Nxf6 16. Qe2 Qb5 17. c4 Qf5+ 18. Ka1 O-O 19. Bc3 Ne4 20. Ne5 Nxc3 21. bxc3 c5 22. g4 Qf4 23. Qe3 Bg5 24. Qxf4 Bxf4 25. Nd3 Bd6 26. dxc5 Be7 27. Kb2 Rc8 28. Kb3 Bxc5 29. Nxc5 Rxc5 30. Rd7 Rfc8 31. Rhd1 Rxc4 32. Rd8+ Kh7 33. Rxc8 Rxc8 34. Rd7 Rf8 35. Rxb7 f5 36.
f3 e5 37. Re7 e4 38. fxe4 fxg4 39. Rd7 Re8 40. c4 Rxe4 41. c5 Re5 42. Kb4 Rxh5 43.
c6 Rh1 44. Rd3 Rc1 45. Rc3 Rxc3 46. Kxc3 g3 47. c7 g2 48. c8=Q g1=Q 0-1

[Event "*** Titled Tuesday Blitz"]
[Site "Chess.com"]
[Date "2019.12.03"]
[Round "2"]
[White "black_pawn_16"]
[Black "Philosopherrr"]
[Result "0-1"]
[WhiteElo "2152"]
[BlackElo "2442"]
[TimeControl "180+2"]
[EndTime "13:21:34 PST"]
[Termination "Philosopherrr won by resignation"]

1. e4 e5 2. Nf3 Nc6 3. Bb5 a6 4. Bxc6 dxc6 5. O-O Qf6 6. d3 Bd6 7. Nbd2 Ne7 8. b3 Bg4 9. h3 h5 10. Nc4 Bxf3 11. Qxf3 Qxf3 12. gxf3 Ng6 13. Kg2 f6 14.
Rg1 Nh4+ 15. Kf1 g5 16. Ke2 O-O-O 17. Be3 Bb4 18. Rab1 b5 19. Nb2 Bc3 20. Nd1 Bd4 21. c3 Bb6 22. Nb2 Rd7 23. a4 Kb7 24. Ra1 Rhd8 25.
Rgd1 Ng6 26. Ra2 h4 27. Raa1 Nf8 28. Rd2 Ne6 29. Nd1 b4 30. c4 Bd4 31. Raa2 a5 32. Rac2 Nc5 33. Bxd4 Rxd4 34. Ne3 Nxb3 35. Rd1 Nc5 36. Rcd2 Ne6 37. Nf5 Nf4+ 38. Ke3 R4d7 39. c5 Nxh3 40. Nh6 Nf4 41. Ng4 h3 42. Nxf6 Rxd3+ 43. Rxd3 Rxd3+ 44. Rxd3 Nxd3 45. Ng4 Nxc5 46. f4 exf4+ 47.
Kd4 b3 0-1

[Event "*** Titled Tuesday Blitz"]
[Site "Chess.com"]
[Date "2019.12.03"]
[Round "2"]
[White "Sunrise777"]
[Black "Vyacheslav_N"]
[Result "1-0"]
[WhiteElo "2710"]
[BlackElo "2373"]
[TimeControl "180+2"]
[EndTime "13:21:35 PST"]
[Termination "Sunrise777 won by resignation"]

1. d4 f5 2. g3 Nf6 3. Bg2 e6 4. c4 d5 5. Qc2 c6 6. Nh3 Bd6 7. b3 Qe7 8. O-O O-O 9. Bb2 Nbd7 10. Nd2 Ne4 11. Nf4 Nxd2 12. Qxd2 dxc4 13. bxc4 e5 14. dxe5 Bxe5 15. Rad1 Bxb2 16. Qxb2 Ne5 17. Qb3 Qf7 18. Rd4 g5 19. Nh3 Qe7 20. f4 Qc5 21. e3 gxf4 22. Nxf4 Ng6 23. Nh5 Rf7 24. Qc3 Be6 25. Rfd1 Raf8 26. Rd6 Qxc4 27. Qb2 Qxa2 28.
Qd4 Bb3 29. Ra1 Qe2 30. Nf6+ Rxf6 31. Rxf6 Rxf6 32. Qxf6 Qxe3+ 33. Kh1 Qe5 34. Qxe5 Nxe5 35. Rxa7 Kf7 36. Rxb7+ Ke6 37. Rxb3 1-0

[Event "*** Titled Tuesday Blitz"]
[Site "Chess.com"]
[Date "2019.12.03"]
[Round "2"]
[White "M1711"]
[Black "Elyon2000"]
[Result "0-1"]
[WhiteElo "2523"]
[BlackElo "2336"]
[TimeControl "180+2"]
[EndTime "13:21:38 PST"]
[Termination "Elyon2000 won by checkmate"]

1. e3 g6 2. Ke2 Bg7 3. Qe1 c5 4. Kd1 d5 5. h3 Nc6 6. a3 e5 7.
g3 Nge7 8. Bg2 f5 9. Ne2 O-O 10. f4 e4 11. Qf2 d4 12. Ke1 Be6 13. Kf1 d3 14. cxd3 Qxd3 15. Kg1 Rad8 16. Kh2 Na5 17. Bf1 Qd7 18. Nbc3 Nb3 19. Rb1 Bc4 20. Nd4 Bxf1 21. Nxb3 Bc4 22. Nxc5 Qc6 23. b4 b6 24. Nb3 Bxb3 25. Rxb3 Qc4 26. Rb1 Bxc3 27. dxc3 Rd3 28. g4 Rfd8 29. b5 Rxc3 30. Rb4 Qc5 31. Rb2 Rxc1 32.
Rxc1 Qxc1 33. Rc2 Qd1 34. Kg3 Rd3 35. Kh4 Qf3 36. Qh2 Rxe3 37. Rc7 Kf7 38. Rxa7 Re2 39. Qg1 Qf2+ 40. Qxf2 Rxf2 41. Kg3 Rf3+ 42. Kg2 Rxf4 43. Rb7 Rf3 44. a4 Ra3 45. Rxb6 Rxa4 46. Rd6 f4 47. b6 Ra2+ 48. Kf1 Rb2 49. Rd4 Rxb6 50. Rxe4 g5 51. Re5 Kf6 52. Ra5 Ng6 53. Rf5+ Ke6 54. Rxg5 Ne5 55. Rh5 Kd5 56. Rxh7 Ke4 57. Ra7 Nd3 58. Ra3 f3 59. g5 Rb1# 0-1

[Event "*** Titled Tuesday Blitz"]
[Site "Chess.com"]
[Date "2019.12.03"]
[Round "2"]
[White "WinningButNotReally"]
[Black "filali-marouan"]
[Result "0-1"]
[WhiteElo "2488"]
[BlackElo "2298"]
[TimeControl "180+2"]
[EndTime "13:21:42 PST"]
[Termination "filali-marouan won by resignation"]

1. Nf3 c6 2. c4 d5 3. d4 Nf6 4. g3 g6 5. Bg2 Bg7 6. O-O O-O 7. Nc3 h6 8. Ne5 Kh7 9. cxd5 cxd5 10. b4 Nc6 11.
Nxc6 bxc6 12. Na4 a5 13. a3 axb4 14. axb4 Ne4 15. Bb2 f5 16. Bxe4 dxe4 17. Nc5 Rxa1 18. Qxa1 f4 19. Nxe4 f3 20. exf3 Rxf3 21. Re1 Bh3 22.
Qd1 Rf5 23. Qd3 Qd5 24. f3 e5 25. Rd1 exd4 26. Bxd4 Bxd4+ 27. Qxd4 Rxf3 28. Qxd5 cxd5 29. Nf2 Be6 30. Kg2 Rb3 31. Re1 Bf7 32. Re7 Kg8 33.
Rb7 d4 34. Rb8+ Kg7 35. b5 Kf6 36. b6 Bd5+ 37. Kh3 d3 38. Rd8 Ke5 39. b7 Bxb7 40. Nxd3+ Kf6 41. Nc5 Rb5 42. Rd6+ Kf5 43. Ne6 Rb2 44. Ng7+ Kg5 45. g4 Rb3+ 0-1

[Event "*** Titled Tuesday Blitz"]
[Site "Chess.com"]
[Date "2019.12.03"]
[Round "2"]
[White "Aleksandr_Kozak"]
[Black "Benjoneliere44"]
[Result "1-0"]
[WhiteElo "2278"]
[BlackElo "2479"]
[TimeControl "180+2"]
[EndTime "13:21:43 PST"]
[Termination "Aleksandr_Kozak won by checkmate"]

1. e4 c5 2. c3 d6 3. d4 Nf6 4. f3 e6 5. Be3 Nbd7 6. Ne2 Be7 7. Nd2 O-O 8. Ng3 Qc7 9. Bd3 Re8 10. O-O Bf8 11. f4 b6 12. a4 Bb7 13. a5 Rad8 14.
axb6 axb6 15. f5 exf5 16. Rxf5 g6 17. Rf1 Bg7 18. Qf3 Ra8 19. Rxa8 Bxa8 20. Bf4 Bc6 21. Nc4 cxd4 22. Nxd6 Re6 23. Nxf7 Qa7 24. Nd8 Nf8 25. Bc4 Qd7 26. Nxe6 Nxe6 27. Be5 b5 28. Ba2 d3 29. Bxf6 d2 30. Bxg7 Qxg7 31. Bxe6+ Kh8 32. Qd3 h5 33. Qxd2 Kh7 34. Qd6 Be8 35. Nf5 gxf5 36.
Rxf5 Bg6 37. Rf8 Kh6 38. Bf5 Kg5 39. Bxg6 b4 40. Qf4+ Kxg6 41. Qf5+ Kh6 42. Rf6+ Qxf6 43. Qxf6+ Kh7 44. cxb4 h4 45. b5 Kg8 46. b6 Kh7 47. b7 h3 48. b8=Q hxg2 49. Qbh8# 1-0

[Event "*** Titled Tuesday Blitz"]
[Site "Chess.com"]
[Date "2019.12.03"]
[Round "2"]
[White "chesstatour"]
[Black "Slovak_fighter2000"]
[Result "0-1"]
[WhiteElo "1959"]
[BlackElo "2388"]
[TimeControl "180+2"]
[EndTime "13:21:43 PST"]
[Termination "Slovak_fighter2000 won by resignation"]

1. c4 e5 2. Nc3 Nc6 3. Nf3 Nf6 4.
d4 exd4 5. Nxd4 Bb4 6. g3 O-O 7. Bg2 Bxc3+ 8. bxc3 Ne5 9. O-O d6 10. Bf4 c6 11. c5 dxc5 12. Bxe5 cxd4 13. Qxd4 Qxd4 14.
cxd4 Nd5 15. e4 Nb6 16. Rac1 Be6 17. a3 Nc4 18. Bf4 Nxa3 19. Bd6 Nb5 20. Bxf8 Kxf8 21. d5 Bd7 22. e5 cxd5 23. Bxd5 Rb8 24. f4 Ke7 25. f5 Nd4 26. f6+ gxf6 27. Rc7 Kd8 28. Rc4 Nf5 29. Rf3 fxe5 30. g4 Nd6 31. Rc1 Ke7 32.
h3 Rc8 33. Rcf1 Be6 34. Bxe6 Kxe6 35. Rf6+ Ke7 36. g5 Rc3 37. Kh2 Rc2+ 38. Kh1 a5 39.
Rd1 Rc6 40. h4 Ra6 41. Rb1 a4 42.
Rxb7+ Nxb7 43. Rxa6 Nc5 44. Kg2 Nxa6 0-1

[Event "*** Titled Tuesday Blitz"]
[Site "Chess.com"]
[Date "2019.12.03"]
[Round "2"]
[White "JonahWillow"]
[Black "matiss90"]
[Result "1/2-1/2"]
[WhiteElo "2784"]
[BlackElo "2569"]
[TimeControl "180+2"]
[EndTime "13:21:44 PST"]
[Termination "Game drawn by agreement"]

1. e4 c5 2. Nf3 d6 3. d4 cxd4 4. Nxd4 Nf6 5. f3 g6 6. c4 Nc6 7. Nc3 Nxd4 8. Qxd4 Bg7 9. Be3 O-O 10. Qd2 Be6 11. Rc1 Rc8 12. Bd3 Bxc4 13. Bxc4 Rxc4 14. O-O a6 15. Nd5 Rxc1 16. Rxc1 Nxd5 17. Qxd5 Qd7 18.
b3 Rc8 19. Rc4 Rxc4 20. Qxc4 Qc6 21. Qd3 h5 22. Kf2 e6 23. h3 d5 24. exd5 exd5 25.
g4 hxg4 26. hxg4 d4 27. Bxd4 Qd6 28. Ke3 Bh6+ 29. Ke2 Qh2+ 30. Bf2 Qe5+ 31. Kf1 Qa1+ 32. Kg2 Qxa2 33. Qd8+ Bf8 34. Qb6 Kg7 35. Kg3 Kg8 36.
Qxb7 Qe2 37. Kg2 Qb5 38. Qa8 Qxb3 39. Qxa6 Qe6 40. Qa8 Qe7 41. Bd4 Kh7 42. Qa1 Qe2+ 43. Bf2 Bc5 44. Qh1+ Kg7 45. Qe1 Qxe1 46. Bxe1 f5 47.
Bc3+ Kf7 1/2-1/2

[Event "*** Titled Tuesday Blitz"]
[Site "Chess.com"]
[Date "2019.12.03"]
[Round "2"]
[White "kleopl"]
[Black "FrogMist"]
[Result "1-0"]
[WhiteElo "2506"]
[BlackElo "2283"]
[TimeControl "180+2"]
[EndTime "13:21:44 PST"]
[Termination "kleopl won by resignation"]

1. c4 Nf6 2. Nc3 g6 3. g3 Bg7 4. Bg2 O-O 5. d3 e5 6. e4 d6 7. Nge2 Nc6 8. O-O Bg4 9. f3 Be6 10. Be3 Nd7 11. f4 Nc5 12. f5 Bd7 13. Nd5 f6 14. b4 Nxb4 15. Nxb4 a5 16. Nd5 c6 17. Ndc3 b5 18. cxb5 cxb5 19. d4 Na6 20. Nd5 b4 21. g4 Bb5 22. Rf2 Rc8 23. Ng3 Nc7 24. Nxc7 Qxc7 25. Bf1 Bxf1 26. Qxf1 Qc3 27. Bd2 Qxd4 28. Rd1 Qb6 29. Qd3 Rf7 30. Be3 Qb7 31. Qxd6 Bf8 32. Qd5 Qa6 33. fxg6 hxg6 34. g5 Kg7 35. gxf6+ Rxf6 36. Rxf6 Kxf6 37. Rf1+ Kg7 38. Qf7+ Kh8 39. Bg5 Bg7 40.
Bf6 Qb6+ 41. Kg2 Rg8 42. Qxg6 1-0

[Event "*** Titled Tuesday Blitz"]
[Site "Chess.com"]
[Date "2019.12.03"]
[Round "2"]
[White "Oleksandr_Bortnyk"]
[Black "Witik"]
[Result "1-0"]
[WhiteElo "2928"]
[BlackElo "2605"]
[TimeControl "180+2"]
[EndTime "13:21:45 PST"]
[Termination "Oleksandr_Bortnyk won by resignation"]

1. e4 c6 2. c4 e5 3. Nf3 d6 4.
d4 Nd7 5. Nc3 Ngf6 6. h3 Be7 7.
Be3 exd4 8. Qxd4 O-O 9. O-O-O Qa5 10. Bf4 Nc5 11. Qe3 Re8 12. Bd3 a6 13. Bc2 b5 14.
Bxd6 Bxd6 15. Rxd6 b4 16. Rxc6 bxc3 17. Rxc5 Qxa2 18.
Qxc3 Qa1+ 19. Bb1 Nxe4 20. Re5 Bf5 21. Qa5 Qxa5 22. Rxa5 Nxf2 23. Rf1 Bxb1 24. Rxf2 Bd3 25. Ne5 Bg6 26. Nxg6 hxg6 27. b3 Re3 28. Kc2 Rb8 29. Rf3 Rbxb3 30. Rxe3 Rxe3 31. Rxa6 Rg3 32. c5 Rxg2+ 33.
Kd3 Rg3+ 34. Kd4 Rg1 35. c6 Rc1 36. Kd5 f5 37. Kd6 Kf7 38. c7 Rd1+ 39. Kc6 Rc1+ 40. Kd7 1-0

[Event "*** Titled Tuesday Blitz"]
[Site "Chess.com"]
[Date "2019.12.03"]
[Round "2"]
[White "Misi_95"]
[Black "Sergey85Rodchenkov"]
[Result "0-1"]
[WhiteElo "2689"]
[BlackElo "2425"]
[TimeControl "180+2"]
[EndTime "13:21:46 PST"]
[Termination "Sergey85Rodchenkov won by checkmate"]

1. e4 c5 2. Nf3 e6 3. d4 cxd4 4. Nxd4 a6 5. Bd3 Bc5 6. Nb3 Ba7 7. Qe2 Nc6 8. Be3 Nge7 9. c4 d6 10. Nc3 e5 11. O-O O-O 12. Rad1 Be6 13. Nd5 a5 14. a4 Ng6 15. c5 Bxd5 16. exd5 Nb4 17. Bb5 dxc5 18.
Bxc5 Bxc5 19. Nxc5 b6 20. Ne4 f5 21. Nc3 Qd6 22. Bc4 Nf4 23. Qe3 Nc2 24. Qg3 Nd4 25. Rfe1 Rac8 26. b3 Kh8 27. h3 Rce8 28. Qe3 Qg6 29.
Qg3 Qd6 30. Re3 h6 31. Rf3 g5 32. Re3 Ng6 33. Nb5 Nxb5 34. Bxb5 f4 35. Qg4 fxe3 36. Bxe8 exf2+ 37. Kf1 Rxe8 38. Kxf2 Qc5+ 39. Kg3 Qd6 40. Kh2 e4+ 41. Kh1 e3 42. Qd4+ Kh7 43. Rf1 Nf4 44. Re1 e2 45. Qc3 Re7 46. Qc2+ Kg7 47. Qc3+ Qe5 48.
Qc6 Qxd5 49. Qxb6 Qxg2# 0-1

[Event "*** Titled Tuesday Blitz"]
[Site "Chess.com"]
[Date "2019.12.03"]
[Round "2"]
[White "Kostya_Nikologorskiy"]
[Black "NemtsevIgor"]
[Result "1-0"]
[WhiteElo "2645"]
[BlackElo "2325"]
[TimeControl "180+2"]
[EndTime "13:21:46 PST"]
[Termination "Kostya_Nikologorskiy won by checkmate"]

1. d4 c6 2. c4 d6 3. Nc3 h6 4.
e4 g5 5. h4 g4 6. h5 Bg7 7.
Nge2 Nd7 8. Ng3 Nf8 9. Be2 Qb6 10. d5 Nf6 11. Qc2 N8d7 12. Nf5 Bf8 13. Be3 c5 14. f4 gxf3 15. gxf3 Ne5 16. O-O-O Bxf5 17. exf5 Qb4 18. Nb5 Qa5 19. a3 a6 20. Nc3 Rb8 21.
f4 Neg4 22. Bg1 b5 23. Qb3 b4 24. Rh4 Nd7 25. Ne4 Ngf6 26. Nxf6+ Nxf6 27. a4 Rg8 28. Rh2 Nd7 29. Re1 Bg7 30. Bd1 Kf8 31. Rg2 Bd4 32.
Rxg8+ Kxg8 33. Qg3+ Kf8 34. Bxd4 cxd4 35. Rg1 Nf6 36. Qg7+ Ke8 37. Qh8+ Kd7 38. Qxb8 b3 39. Qb7+ Kd8 40. Qxb3 d3 41. Qxd3 Qc5 42. Re1 Qf2 43.
Qe3 Qh4 44. Qxe7+ Kc8 45. Qf8+ Kc7 46. Re7+ Kb6 47. Qb8+ Kc5 48. Qa7+ Kb4 49. Qb6+ Kxc4 50. Bb3+ Kd3 51. Qe3# 1-0

[Event "*** Titled Tuesday Blitz"]
[Site "Chess.com"]
[Date "2019.12.03"]
[Round "2"]
[White "Siemba"]
[Black "MasterKroket"]
[Result "1-0"]
[WhiteElo "2214"]
[BlackElo "2430"]
[TimeControl "180+2"]
[EndTime "13:21:50 PST"]
[Termination "Siemba won by resignation"]

1. e4 c5 2. Nf3 e6 3. d4 cxd4 4.
Nxd4 Nc6 5. Nc3 Qc7 6. Be3 a6 7. Qd2 Nf6 8. f4 Bb4 9. Bd3 d5 10. e5 Ng4 11. Bg1 h5 12. a3 Ba5 13. h3 Nh6 14. g4 g5 15. Nxc6 bxc6 16. b4 Bb6 17.
Bxb6 Qxb6 18. fxg5 Ng8 19. Qf4 Ne7 20. Qf6 Qe3+ 21.
Ne2 Rf8 22. gxh5 d4 23. h6 Nd5 24. Qf2 Qxg5 25. h7 Ne3 26. Rg1 Qxe5 27. Rg8 Qh5 28. h8=Q Qxh8 29. Rxh8 Rxh8 30. Nxd4 Nd5 31. Nxc6 Bb7 32.
Ne5 O-O-O 33. Qa7 Rxh3 34. Bxa6 Bxa6 35. Qxa6+ Kc7 36. Qc4+ Kd6 37. Nxf7+ Ke7 38. Nxd8 Rh1+ 39. Kf2 Rxa1 40. Nc6+ Kd6 41. Qc5+ Kd7 42. Ne5+ Ke8 43.
Qa7 Rh1 1-0